 Dungeon Crawl Stone Soup version 0.18-a0-721-g8fc53f4 (webtiles) character file.

58 M4edhros the Charlatan (level 4, -1/28 HPs)
             Began as an Octopode Artificer on Dec 8, 2015.
             Slain by a hobgoblin (4 damage)
             ... led by Robin
             ... on level 3 of the Dungeon.
             The game lasted 00:02:05 (962 turns).

M4edhros the Charlatan (Octopode Artificer)          Turns: 962, Time: 00:02:06

Health: -1/28      AC:  1    Str: 10    XL:     4   Next: 1%
Magic:  7/7        EV: 12    Int: 15    God:
Gold:   51         SH:  0    Dex: 12    Spells: 0 memorised, 3 levels left

rFire  . . .     SeeInvis .     a - +0 short sword
rCold  . . .     Clarity  .     (no shield)
rNeg   . . .     SustAt   .     (helmet restricted)
rPois  .         Gourm    .     (no amulet)
rElec  .         Spirit   .     (no ring)
rCorr  .         Dismiss  .     (no ring)
rMut   .         Stasis   .     (no ring)
MR     .....                    (no ring)
Stlth  +++.......               (no ring)
                                (no ring)
                                (no ring)
                                (no ring)

@: not resistant to hostile enchantments, fairly stealthy
A: almost no armour, amphibious, 8 rings, constrict 8, tentacle spike 1,
camouflage 1, mutation resistance 1, gelatinous body 1
a: no special abilities


You were on level 3 of the Dungeon.
You were not hungry.

You visited 1 branch of the dungeon, and saw 3 of its levels.

You collected 51 gold pieces.

Inventory:

Hand Weapons
 a - a +0 short sword (weapon)
 o - a +0 hunting sling
Missiles
 j - 7 poisoned javelins (quivered)
Jewellery
 k - an uncursed amulet of stasis
Wands
 b - a wand of flame (15)
 c - a wand of enslavement (15)
 d - a wand of random effects (15)
Scrolls
 g - 2 scrolls of teleportation {unknown}
 m - a scroll of recharging {unknown}
 n - 2 scrolls of identify {unknown}
Potions
 i - a potion of haste
Comestibles
 e - 3 bread rations
 f - a slice of pizza
 h - a meat ration
 l - 2 beef jerkies


   Skills:
 - Level 1.0 Fighting
 - Level 1.0 Short Blades
 * Level 1.0 Slings
 + Level 2.2 Dodging
 + Level 3.3 Stealth
 + Level 4.1 Evocations


You had 3 spell levels left.
You didn't know any spells.

Dungeon Overview and Level Annotations

Branches:
Dungeon (3/15)

Altars:

Annotations:
D:3 Robin


Innate Abilities, Weirdness & Mutations

You cannot wear most types of armour.
You are amphibious.
You can wear up to eight rings at the same time.
You can use your tentacles to constrict eight enemies at once.
Your skin changes colour to match your surroundings (Stealth).
Your rubbery body absorbs attacks (AC +1).
One of your tentacles bears a spike.
You are somewhat resistant to further mutation.


Message History

You hit the hobgoblin but do no damage.
The hobgoblin is almost dead.
You constrict the hobgoblin, but do no damage.
The hobgoblin barely misses you. The hobgoblin hits you.
* * * LOW HITPOINT WARNING * * *
You are too injured to fight recklessly!
You are too injured to fight recklessly!
You are too injured to fight recklessly!
You hit the hobgoblin. You grab the hobgoblin.
The hobgoblin is lightly wounded.
You constrict the hobgoblin.
You constrict the hobgoblin, but do no damage.
The hobgoblin closely misses you. The hobgoblin barely misses you.
You hit the hobgoblin.
The hobgoblin is almost dead.
You constrict the hobgoblin, but do no damage. x2
The hobgoblin hits you.
* * * LOW HITPOINT WARNING * * *
The hobgoblin hits you.
You die...

...............##.......
#.##...........##........
# ##.....[....##........
#.......#..##........
##..#................ .
#...#...[..l........#
.##...................#
#..............g......#.
#.###..#.......g@.....#
#.###..#......##.#....#
.............##########
......#.....## ##8##
......#.#.g.###8...8
...†....[...###.....
....#..#.g...#>(....
....#..#.##..##.....
..<.##.gg).#.##8...8


You could see 2 hobgoblins and a giant newt.

Vanquished Creatures
  2 adders
  3 worms (D:2)
  A giant gecko (D:2)
  2 bats (D:1)
  3 giant cockroaches
  5 hobgoblins
  2 jackals (D:3)
  2 kobolds
  3 giant newts
  6 goblins
29 creatures vanquished.

Vanquished Creatures (others)
  4 toadstools (D:1)
4 creatures vanquished.

Grand Total: 33 creatures vanquished

Notes
Turn   | Place    | Note
--------------------------------------------------------------
     0 | D:1      | M4edhros the Octopode Artificer began the quest for the Orb.
     0 | D:1      | Reached XP level 1. HP: 13/13 MP: 3/3
   195 | D:1      | Gained mutation: One of your tentacles bears a spike. [potion of beneficial mutation]
   260 | D:1      | Reached XP level 2. HP: 11/18 MP: 4/4
   483 | D:2      | Reached skill level 4 in Evocations
   497 | D:2      | Reached XP level 3. HP: 7/23 MP: 6/6
   904 | D:3      | Gained mutation: You are somewhat resistant to further mutation. [potion of beneficial mutation]
   933 | D:3      | Noticed Robin
   956 | D:3      | Reached skill level 1 in Slings
   956 | D:3      | Reached XP level 4. HP: 15/28 MP: 7/7
   962 | D:3      | Slain by a hobgoblin

Vault maps used:
D:1:      ldierk_walled_garden_2, corexii_item_surrounded_by_moat
D:2:      kennysheep_potato
D:3:      nicolae_overflow_hidden_temple, first_bread, uniq_robin

Action                   |  1- 3 |  4- 6 || total
-------------------------+-------+-------++-------
Melee: Short sword       |    53 |     6 ||    59
Throw: Javelin           |     7 |       ||     7
  Use: Potion            |     5 |       ||     5
 Stab: Sleeping          |    12 |       ||    12
